 Dungeon Crawl Stone Soup version 0.31-a0-231-g51bb95cda3 (webtiles) character file.

Game seed: 2399847103782033464

57 qw the Shooter (level 3, -15/29 HPs)
             Began as a Minotaur Hexslinger on July 6, 2023.
             Killed by divine providence
             ... invoked by an orc priest
              (16 damage)
             ... on level 4 of the Dungeon.
             The game lasted 00:00:29 (1245 turns).

qw the Shooter (Minotaur Hexslinger)                Turns: 1245, Time: 00:00:29

Health: -15/29     AC:  5    Str: 12    XL:     3   Next: 73%
Magic:  3/3        EV: 11    Int: 10    God:
Gold:   106        SH:  0    Dex: 14    Spells: 3/4 levels left

rFire   . . .        Y - +1 sling
rCold   + . .        (no shield)
rNeg    . . .        e - +0 ring mail
rPois   .            (helmet restricted)
rElec   .            (no cloak)
rCorr   .            (no gloves)
SInv    .            (no boots)
Will    .....        (no amulet)
Stlth   +            f - ring of protection from cold
HPRegen 0.24/turn    (no ring)
MPRegen 0.08/turn

%: no passive effects
@: no status effects
A: horns 2, retaliatory headbutt
a: no special abilities


You were on level 4 of the Dungeon.
You visited 1 branch of the dungeon, and saw 3 of its levels.

You collected 106 gold pieces.


Innate Abilities, Weirdness & Mutations

You have a pair of horns on your head.
You reflexively headbutt those who attack you in melee.


   Skills:
 - Level 2.0 Fighting
 + Level 4.1 Ranged Weapons
 - Level 1.0 Armour
 - Level 2.1 Dodging
 - Level 1.0 Spellcasting
 - Level 2.0 Hexes


You had 3 spell levels left.
You knew the following spells:

 Your Spells              Type           Power      Damage    Failure   Level
a - Slow                  Hex            16%        N/A       34%         1

Your spell library contained the following spells:

 Spells                   Type           Power      Damage    Failure   Level
 Inner Flame              Hex/Fire       2%         N/A       83%         3
 Portal Projectile        Hex/Tloc       4%         N/A       83%         3
 Cause Fear               Hex            2%         N/A       98%         4

Inventory:

Hand Weapons
 Y - a +1 sling (weapon)
Armour
 a - a +3 leather armour
 e - a +0 ring mail (worn)
Jewellery
 f - a ring of protection from cold (left hand)
Potions
 b - a potion of invisibility {unknown}
 d - a potion of heal wounds {unknown}
 g - a potion of degeneration {unknown}
 h - a potion of magic {unknown}

Dungeon Overview and Level Annotations

Branches:
Dungeon (2/15)

Altars:

Shops:
D:2 !


Message History

The orc priest is lightly wounded.
The orc priest hits you with a +0 short sword.
You shoot a sling bullet.
The sling bullet barely misses the orc priest.
The orc priest looks satisfied for a moment.
You shoot a sling bullet. The sling bullet hits the orc priest.
The orc priest is moderately wounded.
The orc priest casts a cantrip, but nothing happens.
You shoot a sling bullet. The sling bullet hits the orc priest.
The orc priest is heavily wounded.
The orc priest hits you with a +0 short sword.
The orc priest barely misses you.
You shoot a sling bullet.
The sling bullet barely misses the orc priest.
The orc priest mumbles some strange prayers to Beogh against you.
Beogh smites you!
You shoot a sling bullet.
The sling bullet closely misses the orc priest.
The orc priest invokes the aid of Beogh against you.
Pain shoots through your body!
You shoot a sling bullet.
The sling bullet hits the orc priest but does no damage.
The orc priest is heavily wounded.
The orc priest closely misses you.
The orc priest hits you with a +0 short sword.
You shoot a sling bullet.
The sling bullet hits the orc priest but does no damage.
The orc priest is heavily wounded.
The orc priest hits you with a +0 short sword.
You shoot a sling bullet.
The sling bullet barely misses the orc priest.
The orc priest hits you with a +0 short sword.
The orc priest closely misses you.
You shoot a sling bullet.
The sling bullet hits the orc priest but does no damage.
The orc priest is heavily wounded.
The orc priest invokes the aid of Beogh against you.
Beogh smites you!
Ouch! That really hurt!
You die...

##### #@..+
#o### ..%.
.......
#.........
#.)##.#.###
#.. .. ..
.. ## ..


You could see an orc priest.

Vanquished Creatures
  A worm (D:2)
  4 orcs (D:4)
  4 ball pythons
  2 bats (D:1)
  4 endoplasms
  5 giant cockroaches
  5 hobgoblins
  7 quokkas
  4 frilled lizards (D:1)
  4 goblins (D:1)
  2 kobolds
  2 rats (D:1)
44 creatures vanquished.

Notes
Turn   | Place    | Note
-------+----------+-------------------------------------------
     0 | D:1      | qw the Minotaur Hexslinger began the quest for the Orb.
     0 | D:1      | Reached XP level 1. HP: 16/16 MP: 1/1
     0 | D:1      | 0 ||| qw: Version: 0.3-a-46-gb1f654a
     0 | D:1      | 0 ||| qw: Game counter: 1825
     0 | D:1      | 0 ||| qw: Melee chars always use a shield: true
     0 | D:1      | 0 ||| qw: God list: Okawaru
     0 | D:1      | 0 ||| qw: Allow faded altars: false
     0 | D:1      | 0 ||| qw: Do Orc after clearing Dungeon:15 true
     0 | D:1      | 0 ||| qw: Do second Lair branch before Depths: true
     0 | D:1      | 0 ||| qw: Lair rune preference: random
     0 | D:1      | 0 ||| qw: Goals: Normal
     0 | D:1      | 0 ||| PLANNING D:1-11
    88 | D:1      | Reached skill level 3 in Ranged Weapons
   110 | D:1      | Reached XP level 2. HP: 23/23 MP: 2/2
   443 | D:1      | Found a faded altar of an unknown god.
   603 | D:1      | Reached XP level 3. HP: 29/29 MP: 3/3
  1102 | D:1      | 1102 ||| UPGRADING to +0 ring mail.
  1112 | D:1      | 1112 ||| DROPPING +0 robe.
  1113 | D:1      | 1113 ||| UPGRADING to ring of protection from cold.
  1114 | D:1      | 1114 ||| READING scroll labelled VYACEV PIR.
  1115 | D:1      | 1115 ||| DROPPING scroll of poison.
  1162 | D:2      | Found Fema's Distillery.
  1193 | D:2      | Reached skill level 4 in Ranged Weapons
  1202 | D:2      | You fall into a shaft and drop 2 floors!
  1215 | D:4      | Reached skill level 1 in Armour
  1242 | D:4      | HP: 6/29 [orc priest/+0 short sword (3)]
  1244 | D:4      | HP: 1/29 [orc priest/+0 short sword (4)]
  1245 | D:4      | Killed from afar by an orc priest

Levels and vault maps discovered:
D:1:      nicolae_arrival_washed_ashore, layout_basic,
          shapermc_ecumenical_altar_totnotflames, dreamdust_princess_bridge,
          minmay_tripent
D:2:      cheibrodos_pilgrimage, layout_loops_cross, serial_shops, shop_statue,
          nicolae_shop_window_shopping, shop, uniq_jessica,
          uniq_crazy_yiuf_cottage
D:4:      layout_basic, uniq_duvessa, uniq_grinder

Skill      XL: |  1  2  3 |
---------------+----------+-----
Ranged Weapons | 3 4 |  4.1
Fighting       | 2 |  2.0
Armour         | 1 |  1.0
Dodging        | |  2.1
Spellcasting   | |  1.0
Hexes          | |  2.0

Action                     || total
---------------------------++-------
   Fire: Sling             ||   133
    Use: Scroll            ||     1
 Armour: Robe              ||     3
         Ring mail         ||     9
  Dodge: Dodged            ||    36

Table legend:
 A = Non-vault XP
 B = Vault XP
 C = Vault XP percentage of total XP
 D = Non-vault monster count
 E = Vault monster count
 F = Vault count percentage of total count
                 A         B        C        D         E       F
            +---------+---------+-------+---------+---------+-------
      Total |      79 |       3 |   3.7 |      42 |       2 |   4.5
            +---------+---------+-------+---------+---------+-------
        D:1 |      48 |       3 |   5.9 |      29 |       2 |   6.5
        D:2 |      13 |       0 |   0.0 |       5 |       0 |   0.0
        D:4 |      18 |       0 |   0.0 |       8 |       0 |   0.0
            +---------+---------+-------+---------+---------+-------
